 Dungeon Crawl Stone Soup version 0.22-a0-414-gacd343e (webtiles) character file.

166 Goblin1989 the Chopper (level 5, -1/41 HPs)
             Began as a Demonspawn Chaos Knight on May 13, 2018.
             Slain by a mummy (9 damage)
             ... in an ossuary.
             The game lasted 00:06:14 (3005 turns).

Goblin1989 the Chopper (Demonspawn Chaos Knight)    Turns: 3005, Time: 00:06:14

Health: -1/41      AC:  6    Str: 14    XL:     5   Next: 22%
Magic:  5/5        EV: 11    Int: 13    God:    Xom [..*...]
Gold:   141        SH:  0    Dex: 12    Spells: 4/4 levels left

rFire    . . .     SeeInvis .   a - +0 hand axe (chaos)
rCold    + . .     Gourm    .   (no shield)
rNeg     . . .     Faith    .   b - +2 leather armour
rPois    .         Spirit   .   k - +0 helmet (curse)
rElec    .         Reflect  .   o - scarf {repulsion}
rCorr    .         Harm     .   (no gloves)
MR       .....                  (no boots)
Stlth    ++........             (no amulet)
HPRegen  0.13/turn              c - ring of protection from cold
MPRegen  0.09/turn              (no ring)

@: repel missiles
A: nightstalker 1, rot immunity
a: Renounce Religion


You were in an ossuary.
You worshipped Xom.
You were a toy of Xom.
You were hungry.

You visited 1 branch of the dungeon, and saw 5 of its levels.
You also visited: Ossuary.

You collected 141 gold pieces.

Inventory:

Hand Weapons
 a - a +0 hand axe of chaos (weapon)
 u - a +0 fustibalus
Missiles
 s - 7 javelins (quivered) {@Q2}
 x - 22 sling bullets
 y - 30 stones {@Q3}
 Z - a throwing net {!d , @Q1}
Armour
 b - a +2 leather armour (worn)
 k - a cursed +0 helmet (worn)
 l - a +0 scale mail
 o - a scarf of repulsion (worn)
Jewellery
 c - a ring of protection from cold (left hand)
Scrolls
 g - a scroll of remove curse {unknown}
 j - 2 scrolls of identify {unknown}
 p - a scroll of fog {unknown}
 r - a scroll of enchant weapon {unknown}
 Y - a scroll of enchant armour {unknown}
Potions
 h - 2 potions of heal wounds {unknown}
 i - 2 potions of curing {unknown}
 n - a potion of lignification {unknown}
 v - 3 potions of agility {unknown}
 z - a potion of degeneration {unknown}
 A - a potion of might {unknown}
Comestibles
 e - 6 rations


   Skills:
 - Level 3.0 Fighting
 + Level 5.4 Axes
 - Level 1.7 Armour
 - Level 0.8 Dodging


You had 4 spell levels left.
You didn't know any spells.
Your spell library was empty.

Dungeon Overview and Level Annotations

Branches:
Dungeon (6/15)
 Temple: D:4-7

Altars:
Kikubaaqudgha
Wu Jian


Innate Abilities, Weirdness & Mutations

You are slightly more attuned to the shadows.
You are immune to rotting.


Message History

You hit something. Something hits you.
You take 1 damage, and have 22/35 hp.
You slash something!
Reactivating autopickup.
You have reached level 5!
You feel a bit more experienced.
You regained 4 hp, and now have 26/41 hp.
MP restored: 5 You don't know any spells.
You don't know any spells.
There is an escape hatch in the ceiling here.
A mysterious force pulls you upwards. The hatch slams shut behind you.
You hear the hiss of flowing sand.
There is an entrance to an ossuary on this level.
Hurry and find it before the portal is buried!
Unknown command.
Found a stone staircase leading up.
Found a stone staircase leading down. 2 orcs and an orc wizard come into view.
The orc wizard shouts!
The orc shouts! x2
An orc comes into view. It is wielding a flail.
You open the door.
The orc wizard gestures wildly while chanting.
The orc wizard blinks!
The orc shouts!
Found a sand-covered staircase.
There is an open door here.
The orc wizard mumbles some strange words.
The orc wizard seems to speed up.
There is a sand-covered staircase here.
The orc wizard points at you and mumbles some strange words.
The magic dart hits you!
The world spins around you as you enter the gateway.
You enter an ossuary! 3 mummies come into view.
Found a gate leading back out of this place.
There is an empty arch of ancient stone here.
You take 6 damage, and have 25/41 hp.
Put on which piece of jewellery? (? for menu, Esc to quit)
t - a ring of protection from cold (left hand)
c - a ring of protection from cold (left hand) Put on which piece of jewellery? (? for menu, Esc to quit)
Okay, then.
There are monsters nearby!
Wield which item (- for none, * to show all)? (? for menu, Esc to quit)
u - a +0 fustibalus (weapon)
Firing (i - inventory. (/) - cycle)
x - 25 sling bullets (quivered)
Press: ? - help, Shift-Dir - straight line, f - mummy
Aim: a mummy You shoot a sling bullet.
The sling bullet barely misses the mummy.
Firing (i - inventory. (/) - cycle)
x - 24 sling bullets (quivered)
Press: ? - help, Shift-Dir - straight line, f/p - mummy
Aim: a mummy You shoot a sling bullet.
The sling bullet barely misses the mummy.
Firing (i - inventory. (/) - cycle)
x - 23 sling bullets (quivered)
Press: ? - help, Shift-Dir - straight line, f/p - mummy
Aim: a mummy You shoot a sling bullet.
The sling bullet hits the mummy.
The mummy is moderately damaged.
Your +0 hand axe of chaos is briefly surrounded by a scintillating aura of random colours.
a - a +0 hand axe of chaos (weapon)
The mummy hits you but does no damage.
You hit the mummy.
The mummy flickers and vanishes!
Deactivating autopickup; reactivate with Ctrl-A.
You hit the mummy but do no damage. The mummy closely misses you.
You barely miss something. You hit the mummy. You freeze the mummy.
You hit the mummy. Something hits you. The mummy misses you.
The mummy hits you!
* * * LOW HITPOINT WARNING * * *
You take 14 damage, and have 13/41 hp.
MASSIVE DAMAGE!!
You hit something. Lightning courses through something!
Reactivating autopickup.
You feel a bit more experienced.
You hit the mummy but do no damage. Lightning courses through the mummy!
You barely miss the mummy. The mummy closely misses you. The mummy hits you.
* * * LOW HITPOINT WARNING * * *
You take 5 damage, and have 8/41 hp.
You barely miss the mummy.
The mummy is moderately damaged.
You hit the mummy. The mummy hits you.
* * * LOW HITPOINT WARNING * * *
You take 1 damage, and have 7/41 hp.
You are feeling hungry.
You slash the mummy! You burn the mummy.
The mummy is severely damaged.
You hit the mummy but do no damage. The mummy barely misses you.
You hit the mummy. You burn the mummy.
The mummy is severely damaged.
You hit the mummy. You freeze the mummy.
You destroy the mummy!
The mummy closely misses you.
Unknown command.
You hit the mummy but do no damage.
The mummy seems to speed up.
The mummy is severely damaged.
The mummy barely misses you. The mummy hits you but does no damage.
The mummy hits you!
You die... "It's all fun and games until someone loses an eye." ███████

█.█.█.█
█.(...█
█...█
█.∩.█
█(..█
█.M.█
█..@█


██▲██ You could see a mummy.

Vanquished Creatures
  A centaur skeleton (D:6)
  Jessica (D:2)
  2 mummies (Ossuary)
  Robin (D:2)
  An adder (D:2)
  A worm (D:3)
  A dart slug (D:1)
  2 leopard geckos (D:2)
  10 bats
  6 giant cockroaches
  8 goblins
  8 hobgoblins
  A jackal (D:3)
  7 kobolds
  2 frilled lizards (D:2)
  6 rats
58 creatures vanquished.

Notes
Turn   | Place    | Note
-------+----------+-------------------------------------------
     0 | D:1      | Goblin1989 the Demonspawn Chaos Knight began the quest for the Orb.
     0 | D:1      | Reached XP level 1. HP: 18/18 MP: 1/1
    49 | D:1      | Reached skill level 3 in Axes
   130 | D:1      | XOM: potion effect (haste)
   135 | D:1      | Gained mutation: You are slightly more attuned to the shadows. [demonic ancestry]
   135 | D:1      | Reached XP level 2. HP: 18/24 MP: 2/2
   169 | D:1      | XOM: divination: detect items
   281 | D:1      | XOM: silly message
   876 | D:2      | XOM: noise
   876 | D:2      | Noticed Jessica
   879 | D:2      | Gained mutation: You are immune to rotting. [demonic ancestry]
   879 | D:2      | Reached XP level 3. HP: 26/29 MP: 3/3
   882 | D:2      | Killed Jessica
   882 | D:2      | Reached skill level 4 in Axes
  1037 | D:2      | XOM: mild Conj miscast
  1140 | D:2      | XOM: cloud trail
  1208 | D:2      | Found an ornate altar of the Wu Jian Council.
  1312 | D:2      | Noticed Robin
  1316 | D:2      | XOM: potion effect (curing)
  1317 | D:2      | Reached XP level 4. HP: 32/35 MP: 4/4
  1361 | D:2      | Killed Robin
  1685 | D:2      | XOM: medium Summ miscast
  1686 | D:2      | Noticed a rust devil
  1687 | D:2      | XOM: butterfly on damage
  1891 | D:2      | Found an ancient bone altar of Kikubaaqudgha.
  1892 | D:2      | Found a faded altar of an unknown god.
  2710 | D:3      | Reached skill level 5 in Axes
  2711 | D:3      | XOM: harmless Tmut miscast
  2938 | D:3      | You fall through a shaft for 3 floors!
  2946 | D:6      | Reached XP level 5. HP: 26/41 MP: 5/5
  2954 | D:5      | Entered Level 5 of the Dungeon
  2980 | D:5      | Found a sand-covered staircase.
  2985 | Ossuary  | Entered an ossuary
  3005 | Ossuary  | Slain by a mummy

Vault maps used:
D:1:      moated_graveyard_arrival
D:2:      marbit_many_paths, overflow_temple_1_default, first_ration,
          chequers_ecumenical_altar_simple_redux, uniq_jessica, uniq_robin
D:3:      minmay_door_path
D:5:      enter_ossuary_2, uniq_menkaure
D:6:      grunt_temple_overflow_forces_of_nature, cheibrodos_worm_habitat,
          minmay_temple_entry_trees, basic_altar
Ossuary:  ossuary_minmay_chase

Skill      XL: |  1  2  3  4 |
---------------+-------------+-----
Axes           | 3 4 5 |  5.4
Fighting       | |  3.0
Armour         | |  1.7
Dodging        | |  0.8

Action                   |  1- 3 |  4- 6 || total
-------------------------+-------+-------++-------
Melee: Hand axe          |    79 |    60 ||   139
 Fire: Fustibalus        |       |     3 ||     3
 Stab: Sleeping          |     3 |     3 ||     6
  Eat: Chunk             |     1 |     5 ||     6
Armor: Leather armour    |    37 |    15 ||    52
Dodge: Dodged            |    56 |    33 ||    89

Table legend:
 A = Spawn XP
 B = Non-spawn XP
 C = Spawn XP percentage of total XP
 D = Spawn monster count
 E = Non-spawn monster count
 F = Spawn count percentage of total count
 G = Total turns spent on level
                    A         B        C        D         E        F      G
               +---------+---------+-------+---------+---------+-------+---------
         Total |       0 |     238 |   0.0 |       0 |      58 |   0.0 |  3005
               +---------+---------+-------+---------+---------+-------+---------
           D:1 |       0 |      40 |   0.0 |       0 |      23 |   0.0 |   915
           D:2 |       0 |     103 |   0.0 |       0 |      24 |   0.0 |  1242
           D:3 |       0 |      17 |   0.0 |       0 |       8 |   0.0 |   781
           D:6 |       0 |      42 |   0.0 |       0 |       1 |   0.0 |    16
       Ossuary |       0 |      36 |   0.0 |       0 |       2 |   0.0 |    20
               +---------+---------+-------+---------+---------+-------+---------

Vault maps used:
D:1:      moated_graveyard_arrival
D:2:      marbit_many_paths, overflow_temple_1_default, first_ration,
          chequers_ecumenical_altar_simple_redux, uniq_jessica, uniq_robin
D:3:      minmay_door_path
D:5:      enter_ossuary_2, uniq_menkaure
D:6:      grunt_temple_overflow_forces_of_nature, cheibrodos_worm_habitat,
          minmay_temple_entry_trees, basic_altar
Ossuary:  ossuary_minmay_chase
